Los Angeles Kings vs Pittsburgh Penguins
Created - Monday, September 30, 2024 at 09:08
Goals
|
| Los Angeles Kings |
0 |
1 |
0 |
1 |
| Pittsburgh Penguins |
1 |
1 |
0 |
2 |
|
Shots
|
| Los Angeles Kings |
5 |
10 |
6 |
21 |
| Pittsburgh Penguins |
8 |
24 |
12 |
44 |
|
1st period
1. Pittsburgh Penguins , Sam Reinhart 12 (Pavel Buchnevich 8) at 0:08
Penalties :
Joshua Brown (LAK) for Holding (Minor) at 8:04
2nd period
2. Pittsburgh Penguins , Phillip Danault 15 (Mitchell Marner 20, Blake Coleman 9) at 1:23 (PP)
3. Los Angeles Kings , Michael Milne 5 (Andrei Svechnikov 9, Adam Fantilli 13) at 18:11
Penalties :
Peyton Krebs (LAK) for Tripping (Minor) at 1:02, Vitali Kravtsov (LAK) for Tripping (Minor) at 8:03
3rd period
No Goal
Penalties :
Joshua Brown (LAK) for Holding (Minor) at 11:14
Goalie Stats
Jonas Johansson (LAK), 42 saves from 44 shots - (0.955), L, 8-8-2, 59:05 minutes
Jordan Binnington (PIT), 20 saves from 21 shots - (0.952), W, 16-8-1, 60:00 minutes
Players Stats for Los Angeles Kings
Player Name G A P +/- PIM S H SB GA TA FO MP PP MP PK MP
------------------------------------------------------------------------------------
Adam Fantilli 0 1 1 1 0 2 2 0 0 0 1/16 14:31 0:00 0:11
Alexander Romanov 0 0 0 0 0 1 2 2 0 1 0/0 19:53 0:00 2:55
Andrei Kuzmenko 0 0 0 0 0 4 1 0 0 0 1/3 17:07 0:00 2:07
Andrei Svechnikov 0 1 1 1 0 2 3 0 1 0 0/0 17:50 0:00 3:17
Blake Wheeler 0 0 0 0 0 0 0 0 0 0 2/4 8:22 0:00 0:00
Jakub Zboril 0 0 0 0 0 1 2 2 0 0 0/0 16:28 0:00 0:25
Joshua Brown 0 0 0 0 4 2 0 1 0 0 0/0 16:24 0:00 0:00
K'Andre Miller 0 0 0 0 0 0 1 2 0 2 0/0 23:19 0:00 2:58
Logan Cooley 0 0 0 -1 0 0 1 0 2 0 7/20 17:35 0:00 0:58
Michael Eyssimont 0 0 0 0 0 1 2 0 1 0 2/10 15:31 0:00 0:10
Michael Milne 1 0 1 1 0 2 3 0 0 0 0/0 19:05 0:00 0:00
Noah Dobson 0 0 0 0 0 0 0 0 0 0 0/0 23:19 0:00 2:58
Owen Power 0 0 0 0 0 1 0 2 0 1 0/0 20:09 0:00 2:55
Peyton Krebs 0 0 0 -1 2 1 1 1 0 2 1/1 16:38 0:00 0:10
Ryan Reaves 0 0 0 0 0 0 0 0 0 0 0/0 2:57 0:00 0:00
Seth Jarvis 0 0 0 -1 0 4 3 0 1 0 2/3 20:10 0:00 3:24
Trent Frederic 0 0 0 0 0 0 0 0 0 0 1/1 9:04 0:00 2:44
Vitali Kravtsov 0 0 0 0 2 0 0 0 0 0 0/0 15:16 0:00 0:00
Players Stats for Pittsburgh Penguins
Player Name G A P +/- PIM S H SB GA TA FO MP PP MP PK MP
------------------------------------------------------------------------------------
Blake Coleman 0 1 1 0 0 5 1 0 0 0 2/2 18:16 3:10 0:00
Brian Dumoulin 0 0 0 0 0 2 1 0 0 0 0/0 15:35 0:00 0:00
Brock Faber 0 0 0 -1 0 1 1 0 0 1 0/0 21:42 2:32 0:00
Dylan Guenther 0 0 0 -1 0 2 0 0 0 0 0/0 13:20 0:01 0:00
Erik Gudbranson 0 0 0 -1 0 0 1 1 0 0 0/0 21:42 2:32 0:00
Erik Karlsson 0 0 0 1 0 2 0 2 1 0 0/0 22:43 3:46 0:00
Gabriel Vilardi 0 0 0 0 0 1 1 0 2 0 3/6 9:17 0:00 0:00
Jake Neighbours 0 0 0 0 0 1 1 0 0 0 0/0 9:35 0:01 0:00
James van Riemsdyk 0 0 0 0 0 2 0 0 0 0 0/0 9:17 0:00 0:00
Jean-Gabriel Pageau 0 0 0 -1 0 1 2 1 1 1 5/5 13:02 0:00 0:00
Jordan Eberle 0 0 0 -1 0 2 1 0 0 0 0/0 13:20 0:01 0:00
Leon Draisaitl 0 0 0 1 0 1 1 0 0 0 19/25 19:07 3:07 0:00
Mark Giordano 0 0 0 0 0 1 1 0 0 2 0/0 15:35 0:00 0:00
Mattias Ekholm 0 0 0 1 0 2 1 2 1 0 0/0 22:43 3:46 0:00
Mitchell Marner 0 1 1 0 0 8 3 2 0 0 2/2 18:16 3:10 0:00
Pavel Buchnevich 0 1 1 1 0 2 1 0 0 0 0/0 19:07 3:07 0:00
Phillip Danault 1 0 1 0 0 7 0 1 1 1 8/15 18:16 3:10 0:00
Sam Reinhart 1 0 1 1 0 4 2 1 0 0 2/3 19:07 3:07 0:00
3 Stars
1 - Jonas Johansson (LAK)
2 - Sam Reinhart (PIT)
3 - Michael Milne (LAK)
Power Play
Los Angeles Kings - 0 on 0 Attempt(s) - 0.00%
Pittsburgh Penguins - 1 on 4 Attempt(s) - 25.00%
Penalty Kill
Los Angeles Kings - 3 on 4 Attempt(s) - 75.00%
- Score 0 goal in Penalty Kill
Pittsburgh Penguins - 0 on 0 Attempt(s) - 0.00%
- Score 0 goal in Penalty Kill
Team Stat
Los Angeles Kings - Hits : 21 - Faceoff Wins : 17 - Blocked Shots : 10 - Penalty Minutes : 8
Pittsburgh Penguins - Hits : 18 - Faceoff Wins : 41 - Blocked Shots : 10 - Penalty Minutes : 0
Official
Referees : Kendrick Nicholson and Chris Rooney
Linesman : Ryan Galloway
Game Notes
No Game Note
Finance
Level 1 -- Attendance: 4599 (76.65%) -- Ticket Income $459,900
Level 2 -- Attendance: 3575 (71.50%) -- Ticket Income $214,500
Level 3 -- Attendance: 2223 (74.10%) -- Ticket Income $77,805
Level 4 -- Attendance: 3949 (78.98%) -- Ticket Income $98,725
Luxury Box -- Attendance: 847 (84.70%) -- Ticket Income $169,400
Game was played at the Consol Energy Center.
Total Attendance: 15193 (75.97%)
Total Ticket Income: $1,020,330
Other Income: $357,116
Total Income: $1,377,446
Los Angeles Kings
5 vs 5 Forward
Center Left Wing Right Wing Time % Phy DF OF
1 Logan Cooley Peyton Krebs Seth Jarvis 30 1 2 2
2 Adam Fantilli Michael Milne Andrei Svechnikov 30 1 2 2
3 Michael Eyssimont Vitali Kravtsov Andrei Kuzmenko 25 1 2 2
4 Blake Wheeler Michael Milne Trent Frederic 15 1 2 2
5 vs 5 Defense
Defense Defense Time % Phy DF OF
1 Noah Dobson K'Andre Miller 35 1 2 2
2 Alexander Romanov Owen Power 35 1 2 2
3 Joshua Brown Jakub Zboril 30 1 2 2
4 Noah Dobson K'Andre Miller 0 1 2 2
PowerPlay Forward
Center Left Wing Right Wing Time % Phy DF OF
1 Logan Cooley Peyton Krebs Seth Jarvis 50 1 2 2
2 Adam Fantilli Michael Milne Andrei Svechnikov 50 1 2 2
PowerPlay Defense
Defense Defense Time % Phy DF OF
1 Noah Dobson K'Andre Miller 50 1 2 2
2 Alexander Romanov Owen Power 50 1 2 2
Penalty Kill 4 Players Forward
Center Wing Time % Phy DF OF
1 Seth Jarvis Andrei Svechnikov 50 1 2 2
2 Andrei Kuzmenko Trent Frederic 50 1 2 2
Penalty Kill 4 Players Defense
Defense Defense Time % Phy DF OF
1 Noah Dobson K'Andre Miller 50 1 2 2
2 Alexander Romanov Owen Power 50 1 2 2
Penalty Kill - 3 Players Forward
Forward Time % Phy DF OF
1 Seth Jarvis 50 1 2 2
2 Andrei Svechnikov 50 1 2 2
Penalty Kill - 3 Players Defense
Defense Defense Time % Phy DF OF
1 Noah Dobson K'Andre Miller 50 1 2 2
2 Alexander Romanov Owen Power 50 1 2 2
4 vs 4 Forward
Center Wing Time % Phy DF OF
1 Seth Jarvis Andrei Svechnikov 50 1 2 2
2 Andrei Kuzmenko Trent Frederic 50 1 2 2
4 vs 4 Defense
Defense Defense Time % Phy DF OF
1 Noah Dobson K'Andre Miller 50 1 2 2
2 Alexander Romanov Owen Power 50 1 2 2
Last Minutes Offensive
Center Left Wing Right Wing Defense Defense
Logan Cooley Peyton Krebs Seth Jarvis Noah Dobson K'Andre Miller
Last Minutes Defensive
Center Left Wing Right Wing Defense Defense
Logan Cooley Peyton Krebs Seth Jarvis Noah Dobson K'Andre Miller
Goaltenders
Starting : Jonas Johansson
Backup : Andrei Vasilevskiy
Extra Forwards
Normal : Blake Wheeler, Ryan Reaves, Michael Eyssimont - PP : Blake Wheeler, Ryan Reaves - PK : Michael Eyssimont
Extra Defensemen
Normal : Joshua Brown, Jakub Zboril, Alexander Romanov - PP : Joshua Brown - PK : Jakub Zboril, Alexander Romanov
Penalty Shots
Seth Jarvis, Andrei Svechnikov, Andrei Kuzmenko, Trent Frederic, Logan Cooley
Scratches
Ruslan Iskhakov (Healthy), Cooper Marody (Healthy), Nicklas Backstrom (Healthy), Erik Brannstrom (Healthy)
Pittsburgh Penguins
5 vs 5 Forward
Center Left Wing Right Wing Time % Phy DF OF
1 Leon Draisaitl Pavel Buchnevich Sam Reinhart 30 1 2 2
2 Phillip Danault Blake Coleman Mitchell Marner 30 1 2 2
3 Jean-Gabriel Pageau Dylan Guenther Jordan Eberle 25 1 2 2
4 Gabriel Vilardi Jake Neighbours James van Riemsdyk 15 1 2 2
5 vs 5 Defense
Defense Defense Time % Phy DF OF
1 Mattias Ekholm Erik Karlsson 35 1 2 2
2 Erik Gudbranson Brock Faber 35 1 2 2
3 Mark Giordano Brian Dumoulin 30 1 2 2
4 Mattias Ekholm Erik Karlsson 0 1 2 2
PowerPlay Forward
Center Left Wing Right Wing Time % Phy DF OF
1 Leon Draisaitl Pavel Buchnevich Sam Reinhart 50 1 2 2
2 Phillip Danault Blake Coleman Mitchell Marner 50 1 2 2
PowerPlay Defense
Defense Defense Time % Phy DF OF
1 Mattias Ekholm Erik Karlsson 50 1 2 2
2 Erik Gudbranson Brock Faber 50 1 2 2
Penalty Kill 4 Players Forward
Center Wing Time % Phy DF OF
1 Leon Draisaitl Sam Reinhart 50 1 2 2
2 Mitchell Marner Pavel Buchnevich 50 1 2 2
Penalty Kill 4 Players Defense
Defense Defense Time % Phy DF OF
1 Mattias Ekholm Erik Karlsson 50 1 2 2
2 Erik Gudbranson Brock Faber 50 1 2 2
Penalty Kill - 3 Players Forward
Forward Time % Phy DF OF
1 Leon Draisaitl 50 1 2 2
2 Sam Reinhart 50 1 2 2
Penalty Kill - 3 Players Defense
Defense Defense Time % Phy DF OF
1 Mattias Ekholm Erik Karlsson 50 1 2 2
2 Erik Gudbranson Brock Faber 50 1 2 2
4 vs 4 Forward
Center Wing Time % Phy DF OF
1 Leon Draisaitl Sam Reinhart 50 1 2 2
2 Mitchell Marner Pavel Buchnevich 50 1 2 2
4 vs 4 Defense
Defense Defense Time % Phy DF OF
1 Mattias Ekholm Erik Karlsson 50 1 2 2
2 Erik Gudbranson Brock Faber 50 1 2 2
Last Minutes Offensive
Center Left Wing Right Wing Defense Defense
Leon Draisaitl Pavel Buchnevich Sam Reinhart Mattias Ekholm Erik Karlsson
Last Minutes Defensive
Center Left Wing Right Wing Defense Defense
Leon Draisaitl Pavel Buchnevich Sam Reinhart Mattias Ekholm Erik Karlsson
Goaltenders
Starting : Jordan Binnington
Backup : Marc-Andre Fleury
Extra Forwards
Normal : Jake Neighbours, Jordan Eberle, Jean-Gabriel Pageau - PP : Jake Neighbours, Jordan Eberle - PK : Jean-Gabriel Pageau
Extra Defensemen
Normal : Mark Giordano, Brian Dumoulin, Erik Gudbranson - PP : Mark Giordano - PK : Brian Dumoulin, Erik Gudbranson
Penalty Shots
Leon Draisaitl, Sam Reinhart, Mitchell Marner, Pavel Buchnevich, Blake Coleman
Scratches
None
% Time on Ice - Los Angeles Kings
Lines # - Real PCT - Wanted PCT - Time Play
Normal Forward
1 - 31% - 30% - 16:27
2 - 28% - 30% - 14:51
3 - 28% - 25% - 14:47
4 - 13% - 15% - 6:38
Normal Defense
1 - 36% - 35% - 19:10
2 - 33% - 35% - 17:22
3 - 30% - 30% - 15:59
4 - 0% - 0% - 0:12
PP Forward
1 - 0% - 50%
2 - 0% - 50%
PP Defense
1 - 0% - 50%
2 - 0% - 50%
PK Forward
1 - 55% - 50% - 3:27
2 - 45% - 50% - 2:51
PK Defense
1 - 54% - 50% - 3:23
2 - 46% - 50% - 2:55
PK3 Forward
1 - 0% - 50%
2 - 0% - 50%
PK3 Defense
1 - 0% - 50%
2 - 0% - 50%
44 Forward
1 - 0% - 50%
2 - 0% - 50%
44 Defense
1 - 0% - 50%
2 - 0% - 50%
Last Minute Offensive - 0:59
Last Minute Defensive - 0:00
Total
Forward - 60:00
Defense - 60:00
|
% Time on Ice - Pittsburgh Penguins
Lines # - Real PCT - Wanted PCT - Time Play
Normal Forward
1 - 29% - 30% - 15:31
2 - 29% - 30% - 15:06
3 - 25% - 25% - 13:02
4 - 18% - 15% - 9:17
Normal Defense
1 - 34% - 35% - 18:11
2 - 36% - 35% - 19:10
3 - 29% - 30% - 15:35
4 - 0% - 0% - 0:00
PP Forward
1 - 50% - 50% - 3:08
2 - 50% - 50% - 3:10
PP Defense
1 - 60% - 50% - 3:46
2 - 40% - 50% - 2:32
PK Forward
1 - 0% - 50%
2 - 0% - 50%
PK Defense
1 - 0% - 50%
2 - 0% - 50%
PK3 Forward
1 - 0% - 50%
2 - 0% - 50%
PK3 Defense
1 - 0% - 50%
2 - 0% - 50%
44 Forward
1 - 0% - 50%
2 - 0% - 50%
44 Defense
1 - 0% - 50%
2 - 0% - 50%
Last Minute Offensive - 0:00
Last Minute Defensive - 0:46
Total
Forward - 60:00
Defense - 60:00
|
Play-by-Play
1st period
0:01 of 1st period - Leon Draisaitl wins face-off versus Logan Cooley in neutral zone.
0:08 of 1st period - Wrist shot by Sam Reinhart.
0:08 of 1st period - Goal by Sam Reinhart - Los Angeles Kings : 0 - Pittsburgh Penguins : 1.
0:09 of 1st period - Phillip Danault wins face-off versus Adam Fantilli in neutral zone.
0:24 of 1st period - Snap shot by Phillip Danault.
0:24 of 1st period - Shot Blocked by Owen Power.
0:30 of 1st period - Owen Power is hit by Erik Gudbranson and loses puck.
0:37 of 1st period - Snap shot by Andrei Svechnikov.
0:37 of 1st period - Shot Misses the Net.
0:39 of 1st period - Snap shot by Adam Fantilli.
0:39 of 1st period - Stopped by Jordan Binnington without a rebound.
0:40 of 1st period - Jean-Gabriel Pageau wins face-off versus Michael Eyssimont in Pittsburgh Penguins zone.
0:55 of 1st period - Wrist shot by Jordan Eberle.
0:55 of 1st period - Stopped by Jonas Johansson without a rebound.
0:56 of 1st period - Gabriel Vilardi wins face-off versus Blake Wheeler in Los Angeles Kings zone.
1:01 of 1st period - Wrist shot by James van Riemsdyk.
1:01 of 1st period - Shot Misses the Net.
1:03 of 1st period - Wrist shot by James van Riemsdyk.
1:03 of 1st period - Stopped by Jonas Johansson with a rebound.
1:05 of 1st period - Snap shot by Mattias Ekholm.
1:05 of 1st period - Stopped by Jonas Johansson with a rebound.
1:07 of 1st period - Slapshot by Mattias Ekholm.
1:07 of 1st period - Stopped by Jonas Johansson without a rebound.
1:08 of 1st period - Logan Cooley wins face-off versus Sam Reinhart in Los Angeles Kings zone.
1:42 of 1st period - Snap shot by Andrei Kuzmenko.
1:42 of 1st period - Shot Misses the Net.
1:44 of 1st period - Slapshot by Joshua Brown.
1:44 of 1st period - Shot Blocked by Erik Karlsson.
1:46 of 1st period - Slapshot by Joshua Brown.
1:46 of 1st period - Shot Blocked by Jean-Gabriel Pageau.
2:28 of 1st period - Noah Dobson is hit by Mitchell Marner and loses puck.
2:43 of 1st period - Pavel Buchnevich is hit by Michael Eyssimont.
4:05 of 1st period - Owen Power is hit by Jean-Gabriel Pageau.
4:42 of 1st period - Peyton Krebs is hit by Leon Draisaitl and loses puck.
5:02 of 1st period - Adam Fantilli is hit by Jake Neighbours and loses puck.
5:13 of 1st period - Joshua Brown is hit by Jean-Gabriel Pageau and loses puck.
5:55 of 1st period - Dylan Guenther is hit by Adam Fantilli and loses puck.
6:20 of 1st period - Slapshot by Andrei Svechnikov.
6:20 of 1st period - Stopped by Jordan Binnington without a rebound.
6:21 of 1st period - Leon Draisaitl wins face-off versus Logan Cooley in Pittsburgh Penguins zone.
6:34 of 1st period - Leon Draisaitl is hit by Peyton Krebs and loses puck.
7:03 of 1st period - Phillip Danault is hit by Alexander Romanov.
7:27 of 1st period - Joshua Brown is hit by Sam Reinhart and loses puck.
7:52 of 1st period - Snap shot by Mitchell Marner.
7:52 of 1st period - Shot Misses the Net.
8:04 of 1st period - Minor Penalty to Joshua Brown for Holding.
8:05 of 1st period - Leon Draisaitl wins face-off versus Andrei Kuzmenko in Los Angeles Kings zone.
8:10 of 1st period - Wrist shot by Sam Reinhart.
8:10 of 1st period - Shot Misses the Net.
8:12 of 1st period - Snap shot by Sam Reinhart.
8:12 of 1st period - Shot Misses the Net.
8:14 of 1st period - Wrist shot by Leon Draisaitl.
8:14 of 1st period - Shot Hit the Post.
9:24 of 1st period - Sam Reinhart is hit by K'Andre Miller and loses puck.
10:04 of 1st period - Penalty to Joshua Brown is over, Joshua Brown is back on ice.
10:16 of 1st period - Slapshot by Joshua Brown.
10:16 of 1st period - Shot Blocked by Erik Karlsson.
11:18 of 1st period - Wrist shot by Andrei Kuzmenko.
11:18 of 1st period - Stopped by Jordan Binnington with a rebound.
11:20 of 1st period - Slapshot by Jakub Zboril.
11:20 of 1st period - Stopped by Jordan Binnington without a rebound.
11:21 of 1st period - Gabriel Vilardi wins face-off versus Logan Cooley in Pittsburgh Penguins zone.
11:21 of 1st period - Gabriel Vilardi is hit by Seth Jarvis.
13:11 of 1st period - Slapshot by Blake Wheeler.
13:11 of 1st period - Shot Misses the Net.
14:10 of 1st period - James van Riemsdyk is hit by Seth Jarvis and loses puck.
14:21 of 1st period - Snap shot by Mitchell Marner.
14:21 of 1st period - Stopped by Jonas Johansson with a rebound.
14:32 of 1st period - Slapshot by Phillip Danault.
14:32 of 1st period - Stopped by Jonas Johansson without a rebound.
14:33 of 1st period - Logan Cooley wins face-off versus Leon Draisaitl in Los Angeles Kings zone.
14:40 of 1st period - Wrist shot by Seth Jarvis.
14:40 of 1st period - Deflect By Pavel Buchnevich.
14:40 of 1st period - Stopped by Jordan Binnington with a rebound.
15:26 of 1st period - Blake Coleman is hit by Michael Eyssimont and loses puck.
15:46 of 1st period - Gabriel Vilardi is hit by Adam Fantilli and loses puck.
16:31 of 1st period - Blake Wheeler is hit by Mitchell Marner and loses puck.
17:19 of 1st period - Joshua Brown is hit by Gabriel Vilardi and loses puck.
17:53 of 1st period - Snap shot by Mitchell Marner.
17:53 of 1st period - Shot Misses the Net.
18:20 of 1st period - Seth Jarvis is hit by Brian Dumoulin and loses puck.
19:21 of 1st period - Wrist shot by Gabriel Vilardi.
19:21 of 1st period - Stopped by Jonas Johansson with a rebound.
19:33 of 1st period - Jakub Zboril is hit by Pavel Buchnevich.
Goals for this period are 0 for Los Angeles Kings vs 1 for Pittsburgh Penguins.
Shots for this period are 5 for Los Angeles Kings vs 8 for Pittsburgh Penguins.
2nd period
0:01 of 2nd period - Phillip Danault wins face-off versus Adam Fantilli in neutral zone.
0:04 of 2nd period - Slapshot by Phillip Danault.
0:04 of 2nd period - Stopped by Jonas Johansson without a rebound.
0:05 of 2nd period - Mitchell Marner wins face-off versus Adam Fantilli in Los Angeles Kings zone.
0:06 of 2nd period - Wrist shot by Blake Coleman.
0:06 of 2nd period - Stopped by Jonas Johansson without a rebound.
0:07 of 2nd period - Blake Coleman wins face-off versus Adam Fantilli in Los Angeles Kings zone.
0:10 of 2nd period - Slapshot by Phillip Danault.
0:10 of 2nd period - Stopped by Jonas Johansson with a rebound.
0:22 of 2nd period - Wrist shot by Michael Milne.
0:22 of 2nd period - Stopped by Jordan Binnington with a rebound.
0:28 of 2nd period - Wrist shot by Mitchell Marner.
0:28 of 2nd period - Shot Misses the Net.
0:30 of 2nd period - Snap shot by Blake Coleman.
0:30 of 2nd period - Stopped by Jonas Johansson without a rebound.
0:31 of 2nd period - Logan Cooley wins face-off versus Leon Draisaitl in Los Angeles Kings zone.
0:55 of 2nd period - Icing by Owen Power.
0:56 of 2nd period - Jean-Gabriel Pageau wins face-off versus Logan Cooley in Los Angeles Kings zone.
1:02 of 2nd period - Minor Penalty to Peyton Krebs for Tripping.
1:03 of 2nd period - Seth Jarvis wins face-off versus Phillip Danault in Los Angeles Kings zone.
1:06 of 2nd period - Off-side.
1:07 of 2nd period - Seth Jarvis wins face-off versus Phillip Danault in neutral zone.
1:19 of 2nd period - Slapshot by Blake Coleman.
1:19 of 2nd period - Shot Misses the Net.
1:21 of 2nd period - Wrist shot by Mitchell Marner.
1:21 of 2nd period - Stopped by Jonas Johansson with a rebound.
1:23 of 2nd period - Wrist shot by Phillip Danault.
1:23 of 2nd period - Goal by Phillip Danault - Los Angeles Kings : 0 - Pittsburgh Penguins : 2.
1:24 of 2nd period - Sam Reinhart wins face-off versus Adam Fantilli in neutral zone.
1:27 of 2nd period - Backhand shot by Sam Reinhart.
1:27 of 2nd period - Deflect By Leon Draisaitl.
1:27 of 2nd period - Shot Blocked by K'Andre Miller.
1:27 of 2nd period - Puck is out of play.
1:28 of 2nd period - Leon Draisaitl wins face-off versus Adam Fantilli in Los Angeles Kings zone.
1:33 of 2nd period - Slapshot by Pavel Buchnevich.
1:33 of 2nd period - Stopped by Jonas Johansson without a rebound.
1:34 of 2nd period - Leon Draisaitl wins face-off versus Adam Fantilli in Los Angeles Kings zone.
1:49 of 2nd period - Wrist shot by Sam Reinhart.
1:49 of 2nd period - Stopped by Jonas Johansson with a rebound.
1:55 of 2nd period - Snap shot by Sam Reinhart.
1:55 of 2nd period - Shot Misses the Net.
1:57 of 2nd period - Snap shot by Pavel Buchnevich.
1:57 of 2nd period - Deflect By Leon Draisaitl.
1:57 of 2nd period - Stopped by Jonas Johansson without a rebound.
1:58 of 2nd period - Michael Eyssimont wins face-off versus Phillip Danault in Los Angeles Kings zone.
2:35 of 2nd period - Slapshot by Erik Karlsson.
2:35 of 2nd period - Shot Misses the Net.
2:46 of 2nd period - Icing by Logan Cooley.
2:47 of 2nd period - Leon Draisaitl wins face-off versus Adam Fantilli in Los Angeles Kings zone.
3:20 of 2nd period - Wrist shot by Mitchell Marner.
3:20 of 2nd period - Shot Hit the Post.
3:22 of 2nd period - Wrist shot by Phillip Danault.
3:22 of 2nd period - Shot Blocked by Alexander Romanov.
3:24 of 2nd period - Snap shot by Phillip Danault.
3:24 of 2nd period - Stopped by Jonas Johansson without a rebound.
3:25 of 2nd period - Phillip Danault wins face-off versus Logan Cooley in Los Angeles Kings zone.
3:26 of 2nd period - Snap shot by Mitchell Marner.
3:26 of 2nd period - Stopped by Jonas Johansson with a rebound.
3:28 of 2nd period - Wrist shot by Phillip Danault.
3:28 of 2nd period - Stopped by Jonas Johansson with a rebound.
3:30 of 2nd period - Snap shot by Phillip Danault.
3:30 of 2nd period - Shot Misses the Net.
3:34 of 2nd period - Wrist shot by Mitchell Marner.
3:34 of 2nd period - Shot Misses the Net.
3:36 of 2nd period - Slapshot by Erik Gudbranson.
3:36 of 2nd period - Shot Blocked by Owen Power.
3:38 of 2nd period - Snap shot by Blake Coleman.
3:38 of 2nd period - Stopped by Jonas Johansson with a rebound.
3:40 of 2nd period - Wrist shot by Blake Coleman.
3:40 of 2nd period - Shot Misses the Net.
3:42 of 2nd period - Snap shot by Brock Faber.
3:42 of 2nd period - Stopped by Jonas Johansson without a rebound.
3:43 of 2nd period - Leon Draisaitl wins face-off versus Michael Eyssimont in Los Angeles Kings zone.
3:51 of 2nd period - Off-side.
3:52 of 2nd period - Leon Draisaitl wins face-off versus Michael Eyssimont in neutral zone.
4:10 of 2nd period - Icing by Michael Eyssimont.
4:11 of 2nd period - Michael Eyssimont wins face-off versus Phillip Danault in Los Angeles Kings zone.
4:11 of 2nd period - Michael Eyssimont is hit by Mitchell Marner.
5:00 of 2nd period - Off-side.
5:01 of 2nd period - Peyton Krebs wins face-off versus Leon Draisaitl in neutral zone.
5:31 of 2nd period - Mark Giordano is hit by Andrei Svechnikov.
5:47 of 2nd period - Snap shot by Andrei Kuzmenko.
5:47 of 2nd period - Stopped by Jordan Binnington without a rebound.
5:48 of 2nd period - Jean-Gabriel Pageau wins face-off versus Michael Eyssimont in Pittsburgh Penguins zone.
6:01 of 2nd period - Snap shot by Michael Eyssimont.
6:01 of 2nd period - Stopped by Jordan Binnington with a rebound.
6:03 of 2nd period - Slapshot by Andrei Kuzmenko.
6:03 of 2nd period - Stopped by Jordan Binnington without a rebound.
6:04 of 2nd period - Logan Cooley wins face-off versus Phillip Danault in Pittsburgh Penguins zone.
6:09 of 2nd period - Wrist shot by Seth Jarvis.
6:09 of 2nd period - Deflect By Logan Cooley.
6:09 of 2nd period - Shot Blocked by Mitchell Marner.
6:09 of 2nd period - Puck is out of play.
6:10 of 2nd period - Logan Cooley wins face-off versus Phillip Danault in Pittsburgh Penguins zone.
6:19 of 2nd period - Mitchell Marner is hit by Seth Jarvis and loses puck.
6:24 of 2nd period - Wrist shot by Seth Jarvis.
6:24 of 2nd period - Shot Blocked by Mitchell Marner.
6:26 of 2nd period - Wrist shot by Peyton Krebs.
6:26 of 2nd period - Deflect By Seth Jarvis.
6:26 of 2nd period - Stopped by Jordan Binnington with a rebound.
7:00 of 2nd period - Wrist shot by Jordan Eberle.
7:00 of 2nd period - Stopped by Jonas Johansson without a rebound.
7:01 of 2nd period - Jean-Gabriel Pageau wins face-off versus Logan Cooley in Los Angeles Kings zone.
7:10 of 2nd period - Snap shot by Dylan Guenther.
7:10 of 2nd period - Shot Misses the Net.
7:12 of 2nd period - Wrist shot by Jordan Eberle.
7:12 of 2nd period - Shot Blocked by Jakub Zboril.
7:40 of 2nd period - Snap shot by Dylan Guenther.
7:40 of 2nd period - Deflect By Seth Jarvis.
7:40 of 2nd period - Stopped by Jonas Johansson with a rebound.
7:42 of 2nd period - Slapshot by Jordan Eberle.
7:42 of 2nd period - Shot Blocked by Peyton Krebs.
7:44 of 2nd period - Slapshot by Brian Dumoulin.
7:44 of 2nd period - Stopped by Jonas Johansson without a rebound.
7:45 of 2nd period - Mitchell Marner wins face-off versus Blake Wheeler in Los Angeles Kings zone.
7:58 of 2nd period - Snap shot by Phillip Danault.
7:58 of 2nd period - Deflect By Blake Coleman.
7:58 of 2nd period - Stopped by Jonas Johansson without a rebound.
7:59 of 2nd period - Leon Draisaitl wins face-off versus Michael Eyssimont in Los Angeles Kings zone.
8:03 of 2nd period - Minor Penalty to Vitali Kravtsov for Tripping.
8:04 of 2nd period - Andrei Kuzmenko wins face-off versus Leon Draisaitl in Los Angeles Kings zone.
9:33 of 2nd period - Noah Dobson is hit by Mattias Ekholm and loses puck.
10:03 of 2nd period - Penalty to Vitali Kravtsov is over, Vitali Kravtsov is back on ice.
11:08 of 2nd period - Wrist shot by Trent Frederic.
11:08 of 2nd period - Shot Misses the Net.
11:27 of 2nd period - Slapshot by Andrei Kuzmenko.
11:27 of 2nd period - Shot Misses the Net.
11:29 of 2nd period - Wrist shot by Michael Eyssimont.
11:29 of 2nd period - Shot Misses the Net.
11:31 of 2nd period - Snap shot by Jakub Zboril.
11:31 of 2nd period - Shot Misses the Net.
11:33 of 2nd period - Snap shot by Michael Eyssimont.
11:33 of 2nd period - Shot Blocked by Sam Reinhart.
11:35 of 2nd period - Slapshot by Joshua Brown.
11:35 of 2nd period - Stopped by Jordan Binnington with a rebound.
12:36 of 2nd period - Snap shot by James van Riemsdyk.
12:36 of 2nd period - Shot Blocked by Jakub Zboril.
12:56 of 2nd period - Snap shot by Blake Coleman.
12:56 of 2nd period - Stopped by Jonas Johansson without a rebound.
12:57 of 2nd period - Leon Draisaitl wins face-off versus Adam Fantilli in Los Angeles Kings zone.
13:46 of 2nd period - Slapshot by Gabriel Vilardi.
13:46 of 2nd period - Shot Misses the Net.
13:48 of 2nd period - Wrist shot by James van Riemsdyk.
13:48 of 2nd period - Stopped by Jonas Johansson without a rebound.
13:49 of 2nd period - Phillip Danault wins face-off versus Michael Eyssimont in Los Angeles Kings zone.
14:53 of 2nd period - Off-side.
14:54 of 2nd period - Blake Wheeler wins face-off versus Gabriel Vilardi in neutral zone.
15:43 of 2nd period - Wrist shot by Seth Jarvis.
15:43 of 2nd period - Shot Blocked by Erik Gudbranson.
15:45 of 2nd period - Slapshot by Owen Power.
15:45 of 2nd period - Shot Misses the Net.
15:51 of 2nd period - Slapshot by Seth Jarvis.
15:51 of 2nd period - Stopped by Jordan Binnington without a rebound.
15:52 of 2nd period - Jean-Gabriel Pageau wins face-off versus Logan Cooley in Pittsburgh Penguins zone.
16:39 of 2nd period - Slapshot by Mitchell Marner.
16:39 of 2nd period - Deflect By Phillip Danault.
16:39 of 2nd period - Shot Misses the Net.
16:39 of 2nd period - Puck is out of play.
16:40 of 2nd period - Phillip Danault wins face-off versus Michael Eyssimont in Los Angeles Kings zone.
16:49 of 2nd period - Wrist shot by Phillip Danault.
16:49 of 2nd period - Stopped by Jonas Johansson with a rebound.
17:14 of 2nd period - Slapshot by Owen Power.
17:14 of 2nd period - Deflect By Phillip Danault.
17:14 of 2nd period - Stopped by Jordan Binnington without a rebound.
17:15 of 2nd period - Leon Draisaitl wins face-off versus Adam Fantilli in Pittsburgh Penguins zone.
17:19 of 2nd period - Off-side.
17:20 of 2nd period - Leon Draisaitl wins face-off versus Adam Fantilli in neutral zone.
17:47 of 2nd period - Snap shot by Jean-Gabriel Pageau.
17:47 of 2nd period - Stopped by Jonas Johansson with a rebound.
17:59 of 2nd period - Wrist shot by Andrei Svechnikov.
17:59 of 2nd period - Shot Misses the Net.
18:01 of 2nd period - Wrist shot by Adam Fantilli.
18:01 of 2nd period - Stopped by Jordan Binnington with a rebound.
18:07 of 2nd period - Slapshot by Andrei Svechnikov.
18:07 of 2nd period - Shot Misses the Net.
18:09 of 2nd period - Wrist shot by Michael Milne.
18:09 of 2nd period - Shot Misses the Net.
18:11 of 2nd period - Wrist shot by Michael Milne.
18:11 of 2nd period - Goal by Michael Milne - Los Angeles Kings : 1 - Pittsburgh Penguins : 2.
18:12 of 2nd period - Phillip Danault wins face-off versus Logan Cooley in neutral zone.
18:21 of 2nd period - Snap shot by Mitchell Marner.
18:21 of 2nd period - Stopped by Jonas Johansson with a rebound.
18:23 of 2nd period - Wrist shot by Phillip Danault.
18:23 of 2nd period - Shot Blocked by Joshua Brown.
18:25 of 2nd period - Slapshot by Erik Karlsson.
18:25 of 2nd period - Stopped by Jonas Johansson without a rebound.
18:26 of 2nd period - Leon Draisaitl wins face-off versus Andrei Kuzmenko in Los Angeles Kings zone.
18:48 of 2nd period - Icing by Pavel Buchnevich.
18:49 of 2nd period - Adam Fantilli wins face-off versus Phillip Danault in Pittsburgh Penguins zone.
19:16 of 2nd period - Pavel Buchnevich is hit by Logan Cooley and loses puck.
19:37 of 2nd period - Jean-Gabriel Pageau is hit by Jakub Zboril and loses puck.
19:55 of 2nd period - Off-side.
19:56 of 2nd period - Blake Wheeler wins face-off versus Gabriel Vilardi in neutral zone.
Goals for this period are 1 for Los Angeles Kings vs 1 for Pittsburgh Penguins.
Shots for this period are 10 for Los Angeles Kings vs 24 for Pittsburgh Penguins.
3rd period
0:01 of 3rd period - Phillip Danault wins face-off versus Adam Fantilli in neutral zone.
0:06 of 3rd period - Slapshot by Mitchell Marner.
0:06 of 3rd period - Shot Misses the Net.
0:14 of 3rd period - Slapshot by Andrei Svechnikov.
0:14 of 3rd period - Stopped by Jordan Binnington with a rebound.
0:16 of 3rd period - Wrist shot by Owen Power.
0:16 of 3rd period - Shot Blocked by Phillip Danault.
1:38 of 3rd period - Off-side.
1:39 of 3rd period - Logan Cooley wins face-off versus Leon Draisaitl in neutral zone.
2:06 of 3rd period - Mattias Ekholm is hit by Michael Milne.
2:51 of 3rd period - Seth Jarvis is hit by Brock Faber and loses puck.
3:31 of 3rd period - Blake Coleman is hit by Andrei Svechnikov and loses puck.
4:07 of 3rd period - Gabriel Vilardi is hit by Michael Milne and loses puck.
4:26 of 3rd period - Wrist shot by Sam Reinhart.
4:26 of 3rd period - Stopped by Jonas Johansson without a rebound.
4:27 of 3rd period - Leon Draisaitl wins face-off versus Logan Cooley in Los Angeles Kings zone.
4:28 of 3rd period - Backhand shot by Pavel Buchnevich.
4:28 of 3rd period - Stopped by Jonas Johansson with a rebound.
4:30 of 3rd period - Slapshot by Sam Reinhart.
4:30 of 3rd period - Shot Misses the Net.
4:56 of 3rd period - Snap shot by Andrei Kuzmenko.
4:56 of 3rd period - Stopped by Jordan Binnington without a rebound.
4:57 of 3rd period - Blake Coleman wins face-off versus Michael Eyssimont in Pittsburgh Penguins zone.
5:14 of 3rd period - Slapshot by Mitchell Marner.
5:14 of 3rd period - Stopped by Jonas Johansson with a rebound.
5:16 of 3rd period - Slapshot by Erik Karlsson.
5:16 of 3rd period - Stopped by Jonas Johansson with a rebound.
5:42 of 3rd period - Wrist shot by Mitchell Marner.
5:42 of 3rd period - Stopped by Jonas Johansson with a rebound.
5:44 of 3rd period - Slapshot by Mark Giordano.
5:44 of 3rd period - Stopped by Jonas Johansson without a rebound.
5:45 of 3rd period - Sam Reinhart wins face-off versus Adam Fantilli in Los Angeles Kings zone.
6:13 of 3rd period - Icing by Seth Jarvis.
6:14 of 3rd period - Gabriel Vilardi wins face-off versus Logan Cooley in Los Angeles Kings zone.
6:19 of 3rd period - Slapshot by James van Riemsdyk.
6:19 of 3rd period - Deflect By Jake Neighbours.
6:19 of 3rd period - Stopped by Jonas Johansson with a rebound.
6:27 of 3rd period - Slapshot by Logan Cooley.
6:27 of 3rd period - Shot Blocked by Mattias Ekholm.
6:29 of 3rd period - Slapshot by Alexander Romanov.
6:29 of 3rd period - Stopped by Jordan Binnington without a rebound.
6:30 of 3rd period - Leon Draisaitl wins face-off versus Adam Fantilli in Pittsburgh Penguins zone.
6:55 of 3rd period - Snap shot by Seth Jarvis.
6:55 of 3rd period - Stopped by Jordan Binnington with a rebound.
6:57 of 3rd period - Wrist shot by Alexander Romanov.
6:57 of 3rd period - Shot Blocked by Mattias Ekholm.
7:17 of 3rd period - Wrist shot by Dylan Guenther.
7:17 of 3rd period - Deflect By Andrei Kuzmenko.
7:17 of 3rd period - Stopped by Jonas Johansson with a rebound.
7:19 of 3rd period - Wrist shot by Jean-Gabriel Pageau.
7:19 of 3rd period - Shot Blocked by Alexander Romanov.
7:36 of 3rd period - Icing by Joshua Brown.
7:37 of 3rd period - Trent Frederic wins face-off versus Gabriel Vilardi in Los Angeles Kings zone.
8:02 of 3rd period - Slapshot by Trent Frederic.
8:02 of 3rd period - Shot Misses the Net.
8:04 of 3rd period - Snap shot by Joshua Brown.
8:04 of 3rd period - Deflect By Brock Faber.
8:04 of 3rd period - Stopped by Jordan Binnington without a rebound.
8:05 of 3rd period - Leon Draisaitl wins face-off versus Logan Cooley in Pittsburgh Penguins zone.
8:07 of 3rd period - Icing by Sam Reinhart.
8:08 of 3rd period - Leon Draisaitl wins face-off versus Logan Cooley in Pittsburgh Penguins zone.
8:45 of 3rd period - Snap shot by Pavel Buchnevich.
8:45 of 3rd period - Shot Misses the Net.
8:48 of 3rd period - Icing by Logan Cooley.
8:49 of 3rd period - Phillip Danault wins face-off versus Logan Cooley in Los Angeles Kings zone.
10:01 of 3rd period - Wrist shot by Mitchell Marner.
10:01 of 3rd period - Stopped by Jonas Johansson with a rebound.
10:03 of 3rd period - Snap shot by Brian Dumoulin.
10:03 of 3rd period - Stopped by Jonas Johansson with a rebound.
10:05 of 3rd period - Slapshot by Mark Giordano.
10:05 of 3rd period - Shot Blocked by K'Andre Miller.
10:07 of 3rd period - Wrist shot by Mitchell Marner.
10:07 of 3rd period - Stopped by Jonas Johansson with a rebound.
10:19 of 3rd period - Michael Eyssimont is hit by Mark Giordano and loses puck.
10:52 of 3rd period - Wrist shot by Andrei Kuzmenko.
10:52 of 3rd period - Shot Misses the Net.
11:14 of 3rd period - Minor Penalty to Joshua Brown for Holding.
11:15 of 3rd period - Leon Draisaitl wins face-off versus Seth Jarvis in Los Angeles Kings zone.
12:07 of 3rd period - Pavel Buchnevich is hit by Alexander Romanov and loses puck.
12:58 of 3rd period - K'Andre Miller is hit by Blake Coleman and loses puck.
13:14 of 3rd period - Penalty to Joshua Brown is over, Joshua Brown is back on ice.
13:19 of 3rd period - Jordan Eberle is hit by Michael Milne.
13:23 of 3rd period - Blake Wheeler is hit by Jordan Eberle and loses puck.
15:13 of 3rd period - Pavel Buchnevich is hit by Andrei Svechnikov and loses puck.
16:09 of 3rd period - Andrei Kuzmenko is hit by Sam Reinhart and loses puck.
16:16 of 3rd period - Sam Reinhart is hit by Andrei Kuzmenko.
16:53 of 3rd period - Snap shot by Sam Reinhart.
16:53 of 3rd period - Stopped by Jonas Johansson without a rebound.
16:54 of 3rd period - Leon Draisaitl wins face-off versus Adam Fantilli in Los Angeles Kings zone.
18:56 of 3rd period - Brock Faber is hit by Jakub Zboril and loses puck.
19:05 of 3rd period - Los Angeles Kings, Jonas Johansson is pulled from the net.
19:13 of 3rd period - Slapshot by Seth Jarvis.
19:13 of 3rd period - Deflect By Peyton Krebs.
19:13 of 3rd period - Stopped by Jordan Binnington without a rebound.
19:14 of 3rd period - Benoit Groulx call a timeout for Los Angeles Kings.
19:14 of 3rd period - Logan Cooley wins face-off versus Leon Draisaitl in Pittsburgh Penguins zone.
19:19 of 3rd period - Snap shot by Logan Cooley.
19:19 of 3rd period - Shot Misses the Net.
Goals for this period are 0 for Los Angeles Kings vs 0 for Pittsburgh Penguins.
Shots for this period are 6 for Los Angeles Kings vs 12 for Pittsburgh Penguins.
Back to the Top